 Dungeon Crawl Stone Soup version 0.27-a0-1144-g0b7d3b79db (webtiles) character file.

Game seed: 2670345384245576159

565 shoop the Chopper (level 7, -2/60 HPs)
             Began as a Hill Orc Fighter on May 10, 2021.
             Slain by an ogre
             ... wielding a +0 giant club
              (8 damage)
             ... on level 4 of the Dungeon.
             The game lasted 00:07:18 (4654 turns).

shoop the Chopper (Hill Orc Fighter)                Turns: 4654, Time: 00:07:19

Health: -2/60      AC:  9    Str: 21    XL:     7   Next: 32%
Magic:  7/7        EV:  6    Int:  8    God:
Gold:   167        SH:  9    Dex: 10    Spells: 6/6 levels left

rFire    . . .     SeeInvis .   a - +0 war axe
rCold    . . .     Faith    .   c - +0 kite shield
rNeg     . . .     Spirit   .   v - +0 chain mail
rPois    .         Reflect  .   (no helmet)
rElec    .         Harm     .   (no cloak)
rCorr    +         Rampage  .   (no gloves)
Will     .....                  (no boots)
Stlth    ..........             (no amulet)
HPRegen  0.20/turn              p - ring of resist corrosion
MPRegen  0.10/turn              (no ring)

@: no status effects
A: no striking features
a: no special abilities


You were on level 4 of the Dungeon.
You visited 1 branch of the dungeon, and saw 4 of its levels.

You collected 167 gold pieces.

Inventory:

Hand Weapons
 a - a +0 war axe (weapon)
Missiles
 k - 6 poisoned darts (quivered)
 r - 3 throwing nets
 t - 7 javelins
Armour
 b - a +0 scale mail
 c - a +0 kite shield (worn)
 v - a +0 chain mail (worn)
Jewellery
 p - a ring of resist corrosion (left hand)
Scrolls
 e - 2 scrolls of teleportation {unknown}
 h - a scroll of immolation {unknown}
 j - 2 scrolls of noise {unknown}
 l - 2 scrolls of enchant armour {unknown}
 o - 6 scrolls of identify {unknown}
 q - a scroll of amnesia {unknown}
Potions
 d - a potion of might
 f - 3 potions of heal wounds {unknown}
 g - a potion of brilliance {unknown}
 i - 2 potions of attraction {unknown}
 m - 4 potions of curing {unknown}
 n - 3 potions of degeneration {unknown}
 s - a potion of berserk rage {unknown}
 u - a potion of mutation {unknown}


   Skills:
 + Level 4.8 Fighting
 + Level 7.2 Axes
 - Level 1.0 Throwing
 + Level 5.0 Armour
 + Level 1.8 Dodging
 + Level 0.6 Stealth
 - Level 3.4 Shields


You had 6 spell levels left.
You didn't know any spells.
Your spell library contained the following spells:

 Spells                   Type           Power      Damage    Failure   Level
 Corona                   Hex            0%         N/A       100%        1
 Magic Dart               Conj           0%         1d3       100%        1
 Blink                    Tloc           N/A        N/A       100%        2
 Call Imp                 Summ           0%         N/A       100%        2
 Ensorcelled Hibernation  Hex/Ice        0%         N/A       100%        2
 Slow                     Hex            0%         N/A       100%        2
 Confusing Touch          Hex            0%         N/A       100%        3
 Conjure Flame            Conj/Fire      0%         6-21      100%        3
 Dazzling Flash           Conj/Hex       0%         N/A       100%        3
 Mephitic Cloud           Conj/Pois/Air  0%         N/A       100%        3
 Tukima's Dance           Hex            0%         N/A       100%        3


Dungeon Overview and Level Annotations

Branches:
Dungeon (4/15)
 Temple: D:4-7

Altars:
Qazlal

Shops:
D:2 :


Message History

Press: ? - help, Q - select action, (/) - cycle Shift-Dir - straight line, f/p - ogre
Aim: an ogre, wielding a +0 giant club (lightly wounded, poisoned, 72% to hit)
You throw a poisoned dart.
The poisoned dart barely misses the ogre.
Throw: 7 darts (poison)
Press: ? - help, Q - select action, (/) - cycle Shift-Dir - straight line, f/p - ogre
Aim: an ogre, wielding a +0 giant club (lightly wounded, poisoned, 72% to hit)
You throw a poisoned dart.
The poisoned dart barely misses the ogre.
The ogre looks more healthy.
You completely miss the ogre.
The ogre is lightly wounded.
The ogre hits you with a +0 giant club!
You closely miss the ogre.
The ogre is lightly wounded.
You block the ogre's attack.
You hit the ogre.
The ogre is moderately wounded.
The ogre hits you with a +0 giant club!
You slash the ogre!
The ogre is severely wounded.
The ogre hits you with a +0 giant club!
* * * LOW HITPOINT WARNING * * *
You barely miss the ogre.
The ogre is severely wounded.
The ogre hits you with a +0 giant club.
* * * LOW HITPOINT WARNING * * *
You hit the ogre.
The ogre is almost dead.
The ogre hits you with a +0 giant club.
* * * LOW HITPOINT WARNING * * *
You barely miss the ogre.
The ogre is almost dead.
The ogre hits you with a +0 giant club!
* * * LOW HITPOINT WARNING * * *
Unknown command.
You hit the ogre.
The ogre is almost dead.
The ogre hits you with a +0 giant club!
You die...

##.#.##
#.......#..#.........
##.#.#
####.#.......#######
##.#..#######...##.##.#
#.###........#####.##.#
##.#.#######.# #.##.#
##. ##.## #.# #.##.#
... #.# #.# #.##.# .#.
#.# #.#####.##.#### #.
#.# #.@O.....(..... #.
#.# ########....### #.
#.# .##.# #. #.# .# #
.. #.# O# #. #.# (# #.#
.# #.######## .#
#.).)....#


You could see an ogre.

Vanquished Creatures
  A scorpion (D:2)
  A jelly (D:4)
  2 orc priests
  A gnoll shaman (D:4)
  4 orc wizards
  A hound skeleton (D:4)
  3 adders
  12 gnolls
  An ufetubus (D:4)
  2 worms
  2 dart slugs (D:1)
  15 orcs
  10 endoplasms
  4 giant cockroaches
  7 goblins
  6 hobgoblins
  2 jackals (D:4)
  3 kobolds (D:4)
  3 quokkas
  9 ball pythons
  8 bats
  5 frilled lizards
  3 rats
105 creatures vanquished.

Notes
Turn   | Place    | Note
-------+----------+-------------------------------------------
     0 | D:1      | shoop the Hill Orc Fighter began the quest for the Orb.
     0 | D:1      | Reached XP level 1. HP: 19/19 MP: 1/1
   289 | D:1      | Reached XP level 2. HP: 27/27 MP: 2/2
   349 | D:1      | Reached skill level 3 in Axes
   902 | D:1      | Reached XP level 3. HP: 31/33 MP: 3/3
  1156 | D:2      | Noticed a scorpion
  1400 | D:2      | Found a faded altar of an unknown god.
  1564 | D:2      | Found Luzummokh's Book Shop.
  1837 | D:2      | Reached skill level 4 in Axes
  1848 | D:2      | Reached XP level 4. HP: 40/40 MP: 4/4
  1994 | D:2      | Killed a scorpion
  1995 | D:2      | Reached skill level 1 in Throwing
  1995 | D:2      | Reached XP level 5. HP: 46/46 MP: 5/5
  2015 | D:2      | Reached skill level 5 in Axes
  2449 | D:3      | Reached skill level 1 in Dodging
  2531 | D:3      | Reached XP level 6. HP: 27/53 MP: 6/6
  2779 | D:3      | Reached skill level 6 in Axes
  3309 | D:3      | You fall into a shaft and drop 1 floor!
  3980 | D:3      | Reached XP level 7. HP: 60/60 MP: 7/7
  4235 | D:4      | Reached skill level 7 in Axes
  4345 | D:4      | Reached skill level 5 in Armour
  4599 | D:4      | Found a stormy altar of Qazlal.
  4654 | D:4      | Slain by an ogre

Illustrated notes

Levels and vault maps discovered:
D:1:      wander_arrival_peaceful_grave, layout_basic
D:2:      layout_basic, hellmonk_ecumenical_altar_lost_god, serial_shops, shop,
          minmay_octomino_j4
D:3:      layout_basic
D:4:      layout_loops_ring, nicolae_qazlal_scattered_showers,
          kennysheep_generic_room_14

Skill      XL: |  1  2  3  4  5  6  7 |
---------------+----------------------+-----
Axes           | 3 4 5 6 7 |  7.2
Fighting       | 4 |  4.8
Throwing       | 1 |  1.0
Armour         | 4 5 |  5.0
Dodging        | 1 |  1.8
Stealth        | |  0.6
Shields        | |  3.4

Action                   |  1- 3 |  4- 6 |  7- 9 || total
-------------------------+-------+-------+-------++-------
Melee: War axe           |   109 |   139 |    65 ||   313
Throw: Dart              |     2 |    25 |     9 ||    36
Armor: Scale mail        |    49 |    66 |    17 ||   132
       Chain mail        |       |       |     4 ||     4
Dodge: Dodged            |    55 |    33 |    22 ||   110
Block: Kite shield       |    66 |    55 |    34 ||   155

Table legend: (Time is in decaauts)
 A = Elapsed time spent in this place.
 B = Non-inter-level travel time spent in this place.
 C = Inter-level travel time spent in this place.
 D = Time resting spent in this place.
 E = Time spent auto-exploring this place.
 F = Levels seen in this place.
 G = Mean time per level.
                   A        B        C        D        E       F      G
               +--------+--------+--------+--------+--------+-----+--------+
         Total |   4813 |   4562 |    251 |    218 |   3451 |   4 | 1203.2 |
       Dungeon |   4813 |   4562 |    251 |    218 |   3451 |   4 | 1203.2 |
               +--------+--------+--------+--------+--------+-----+--------+

Top non-repeatable levels by time:
     D:3: 1486 daAuts
     D:1: 1310 daAuts
     D:2: 1116 daAuts
     D:4: 900 daAuts
